AoeStats
← ogipochi_

Nomad

503150626Analyzed
4v4 RM · 1mo ago on Aug 30, 2026· 44m 5s· 8 players
Game mode
Random Map
Map size
231×231
Population
200
Speed
Normal
Resources
Standard
Victory
Conquest
Starting age
Dark Age
Ending age
Imperial Age
RankedLock teamsTeams togetherTeam positionsShared explorationLock speedFull tech treeHidden civsTurbo modeCheats
Victory
Defeat
🇯🇵 Wei · Japan
812
+12
🇺🇸 Huns · United States
765
+15
🇨🇿 Malay · Czechia
757
+15
🇨🇱 Japanese · Chile
723
+16
🇦🇷 Huns · Argentina
825
-19
🇭🇰 Mapuche · Hong Kong SAR China
731
-14
🇭🇰 Spanish · Hong Kong SAR China
711
-14
🇺🇸 Britons · United States
666
-12
YaSh the B3AST
6:36 Loom
16:59 Feudal Age
21:45 Castle Age
19:39 Fishing Lines
19:51 Double-Bit Axe
21:04 Stone Mining
21:05 Gold Mining
22:31 Town Watch
24:35 Wheelbarrow
25:28 Horse Collar
26:12 Bow Saw
26:29 Heavy Plow
27:56 Hand Cart
28:23 Marauders
29:35 Forging
30:50 Husbandry
31:00 Bloodlines
34:40 Iron Casting
34:51 Town Patrol
35:22 Fervor
37:26 Scale Barding Armor
40:30 Imperial Age
38:11 Murder Holes
39:01 Ballistics
38:34 Fletching
39:17 Bodkin Arrow
40:44 Chain Barding Armor
40:54 Elite Tarkan
44:56 Blast Furnace
44:21 Conscription
ogipochi_
13:05 Loom
14:59 Feudal Age
16:51 Wheelbarrow
16:03 Double-Bit Axe
16:00 Horse Collar
16:17 Gold Mining
16:44 Stone Mining
18:57 Bloodlines
21:11 Forging
21:17 Fishing Lines
22:10 Scale Barding Armor
25:27 Castle Age
26:30 Husbandry
27:09 Iron Casting
26:54 Chain Barding Armor
29:02 Hand Cart
31:07 Bow Saw
35:08 Gillnets
39:07 Imperial Age
36:36 Town Watch
37:38 Ballistics
38:14 Tuntian
39:38 Heavy Hei Guang Cavalry
41:23 Blast Furnace
40:54 Conscription
44:29 Chemistry
EjmyGrey
4:57 Loom
17:25 Feudal Age
19:01 Wheelbarrow
18:14 Double-Bit Axe
20:45 Fishing Lines
21:02 Man-at-Arms
22:42 Forging
29:44 Castle Age
27:41 Gold Mining
27:41 Stone Mining
27:54 Horse Collar
28:47 Town Watch
32:00 Medium Warships
31:46 Gillnets
35:52 Iron Casting
36:03 Gold Shaft Mining
35:19 Stone Mining
39:16 Hand Cart
39:18 Thalassocracy
41:58 Bow Saw
41:54 Heavy Plow
Bossman 9
8:09 Loom
15:41 Feudal Age
19:20 Double-Bit Axe
25:23 Castle Age
25:18 Wheelbarrow
27:07 Fishing Lines
31:04 Forging
30:55 Scale Mail Armor
35:38 Gillnets
35:29 Horse Collar
36:47 Hand Cart
40:51 Imperial Age
40:34 Iron Casting
40:15 Chain Mail Armor
41:15 Elite Skirmisher
41:56 Fletching
43:07 Blast Furnace
MAC01
14:41 Feudal Age
16:27 Double-Bit Axe
17:19 Horse Collar
18:07 Gold Mining
24:06 Stone Mining
31:26 Castle Age
30:33 Fletching
30:46 Padded Archer Armor
32:24 Bow Saw
35:07 Bodkin Arrow
35:29 Leather Archer Armor
35:25 Forging
35:43 Heavy Plow
39:09 Iron Casting
38:17 Treadmill Crane
38:28 Heated Shot
40:30 Caravan
42:18 Crossbowman
44:18 Fortified Wall
arbeecheung
13:37 Feudal Age
15:21 Double-Bit Axe
15:17 Horse Collar
17:01 Gold Mining
18:58 Stone Mining
21:02 Wheelbarrow
24:31 Loom
28:54 Castle Age
29:54 Medium Warships
30:36 Gold Shaft Mining
30:12 Bow Saw
29:24 Pikeman
32:21 Fletching
34:18 Heavy Plow
39:19 Bodkin Arrow
40:08 Stone Shaft Mining
Nacho Calvo
5:48 Loom
19:39 Feudal Age
20:28 Double-Bit Axe
22:17 Gold Mining
22:38 Scale Barding Armor
24:08 Fletching
27:49 Castle Age
37:48 Bow Saw
DEVILNATURE
5:38 Loom
16:53 Feudal Age
19:53 Wheelbarrow
19:13 Fletching
23:25 Scale Mail Armor
23:26 Padded Archer Armor
26:18 Scale Barding Armor
26:46 Forging
26:44 Stone Mining
26:48 Gold Mining
27:33 Bloodlines
31:07 Castle Age
29:53 Horse Collar
32:12 Hand Cart
32:03 Husbandry
31:34 Light Cavalry
33:30 Double-Bit Axe
33:52 Heavy Plow
35:05 Stone Shaft Mining
34:53 Caravan
36:44 Bodkin Arrow
37:28 Pikeman
38:43 Thumb Ring
39:55 Inquisition
44:34 Imperial Age
Connection lost

Rejoining the realm…

Still unreachable

The connection could not be restored.

Session expired

The server has moved on; the page needs a fresh start.